 Dungeon Crawl Stone Soup version 0.20.0-15-g7f486f2 (webtiles) character file.

110 Merlin the Skirmisher (level 4, -5/37 HPs)
             Began as a Demonspawn Chaos Knight on June 18, 2017.
             Was an Initiate of Nemelex Xobeh.
             Slain by a rust devil (7 damage)
             ... summoned by the player character
             ... on level 3 of the Dungeon on June 19, 2017.
             The game lasted 00:17:16 (1486 turns).

Merlin the Skirmisher (Demonspawn Chaos Knight)     Turns: 1486, Time: 00:17:16

Health: -5/37      AC:  0    Str: 11    XL:     4   Next: 61%
Magic:  4/4        EV: 11    Int: 15    God:    Nemelex Xobeh [......]
Gold:   72         SH:  3    Dex: 13    Spells: 3/3 levels left

rFire    + . .     SeeInvis .   a - +0 falchion (chaos)
rCold    + . .     Gourm    .   s - +0 buckler
rNeg     . . .     Faith    .   b - +2 leather armour
rPois    +         Spirit   .   g - +0 helmet
rElec    +         Reflect  .   (no cloak)
rCorr    +         Harm     .   (no gloves)
MR       .....                  (no boots)
Stlth    +.........             (no amulet)
Regen    0.2/turn               (no ring)
MPRegen  0.1/turn               (no ring)

@: lethally poisoned (-5 -> -12), resistant, corroded, very slightly
contaminated, hasted, invisible, very quick
A: talons 1, slimy green scales 1, clever 1, powered by pain 1, weak 1
a: Renounce Religion


You were on level 3 of the Dungeon.
You worshipped Nemelex Xobeh.
Nemelex Xobeh was noncommittal.
You were not hungry.

You visited 1 branch of the dungeon, and saw 3 of its levels.

You collected 72 gold pieces.

Inventory:

Hand Weapons
 a - a +0 falchion of chaos (weapon)
 u - a +0 dagger
 w - a +0 quarterstaff
Missiles
 d - 5 javelins (quivered)
 f - 43 stones
 o - 21 sling bullets
 q - 36 bolts
Armour
 b - a +2 leather armour (worn)
 g - a +0 helmet (worn)
 l - a +0 ring mail
 s - a +0 buckler (worn)
 y - a +0 ring mail
Scrolls
 e - 2 scrolls of amnesia
 r - a scroll of noise {unknown}
 v - a scroll of immolation
Potions
 p - a potion of mutation
 x - a potion of invisibility
Miscellaneous
 t - a plain deck of summoning {drawn: 3}
Comestibles
 c - 2 bread rations
 i - 6 chunks of flesh


   Skills:
 + Level 3.8 Fighting
 + Level 3.8 Long Blades
 + Level 2.2 Armour
 + Level 1.6 Dodging
 + Level 0.2 Stealth


You had 3 spell levels left.
You didn't know any spells.

Dungeon Overview and Level Annotations

Branches:
Dungeon (3/15)

Altars:
Dithmenos
Nemelex Xobeh
Yredelemnul

Annotations:
D:3 1 runed door


Innate Abilities, Weirdness & Mutations

You are partially covered in slimy green scales. (AC +2)
You sometimes gain a little power by taking damage.
You have sharp toenails.
Your mind is acute. (Int +2)
You are weak. (Str -2)


Message History

The rust devil hits you.
* * * LOW HITPOINT WARNING * * *
Your yaktaur closely misses the hobgoblin.
The kobold shoots a poisoned needle.
The poisoned needle hits the rust devil!
Your yaktaur hits the hobgoblin!
The hobgoblin dies!
Your hell hound barely misses the orc.
The kobold shoots a poisoned needle.
The poisoned needle hits the orc!
The orc is poisoned.
Your yaktaur hits the rust devil!
Your hell hound bites the orc.
You hit the rust devil but do no damage.
The rust devil is moving more slowly.
The rust devil is moderately wounded.
* * * LOW HITPOINT WARNING * * *
You feel sick. The orc barely misses your hell hound.
Your hell hound bites the orc.
The orc dies!
The rust devil hits you!
You die...
Your body disappears without a glow.

#####..#######
#............#
#...........# ..
#...$.......#
...#######.K.........# .
.(..............((...# _
......†c).######..#####..
..?...)h4.# ##(##8.###
...(...c@.# #..#(Z...
..........# #....(.#+
..........# ##.....#p
########### #.#...##
#.K..... ...###.# .....
.# .(.... ##


gg... You could see a rust devil (petrifying), a kobold, 2 friendly yaktaurs and
a friendly hell hound.

Vanquished Creatures
  Jessica (D:2)
  An adder (D:2)
  3 gnolls (D:2)
  An orc (D:3)
  6 bats
  A giant cockroach (D:1)
  3 hobgoblins
  7 jackals
  2 kobolds (D:2)
  4 goblins
  3 rats
32 creatures vanquished.

Vanquished Creatures (collateral kills)
  An adder (D:3)
  A gnoll (D:3)
  An orc (D:3)
  A hobgoblin (D:3)
4 creatures vanquished.

Grand Total: 36 creatures vanquished

Notes
Turn   | Place    | Note
-------+----------+-------------------------------------------
     0 | D:1      | Merlin the Demonspawn Chaos Knight began the quest for the Orb.
     0 | D:1      | Reached XP level 1. HP: 18/18 MP: 1/1
   118 | D:1      | XOM: divination: magic mapping
   218 | D:1      | Gained mutation: You sometimes gain a little power by taking damage. [demonic ancestry]
   218 | D:1      | Reached XP level 2. HP: 20/24 MP: 2/2
   253 | D:1      | XOM: mild Hex miscast
   353 | D:1      | XOM: 4-stop teleportation journey
   704 | D:1      | XOM: give mutations
   704 | D:1      | Gained mutation: You are occasionally teleported next to monsters. [Xom's mischief]
   704 | D:1      | Gained mutation: Your body sometimes deteriorates upon taking damage. [Xom's mischief]
   704 | D:1      | Gained mutation: You are resistant to hostile enchantments. (MR+) [Xom's mischief]
   761 | D:2      | Noticed Jessica
   763 | D:2      | XOM: noise
   773 | D:2      | Killed Jessica
   773 | D:2      | Reached skill level 1 in Dodging
   773 | D:2      | Reached XP level 3. HP: 25/29 MP: 3/3
   849 | D:2      | Found a shadowy altar of Dithmenos.
   878 | D:2      | Found a sparkling altar of Nemelex Xobeh.
   894 | D:2      | Fell from the grace of Xom
   894 | D:2      | Became a worshipper of Nemelex Xobeh the Trickster
  1003 | D:2      | Received a gift from Nemelex Xobeh
  1076 | D:2      | Gained mutation: You are partially covered in slimy green scales. (AC +2) [demonic ancestry]
  1076 | D:2      | Reached XP level 4. HP: 30/36 MP: 4/4
  1267 | D:2      | XOM: noise
  1453 | D:3      | Found a runed door.
  1453 | D:3      | Found a basalt altar of Yredelemnul.
  1454 | D:3      | Noticed a human
  1475 | D:3      | Noticed a rust devil
  1477 | D:3      | Lost mutation: You are resistant to hostile enchantments. (MR+) [potion of mutation]
  1477 | D:3      | Lost mutation: Your body sometimes deteriorates upon taking damage. [potion of mutation]
  1477 | D:3      | Lost mutation: You are occasionally teleported next to monsters. [potion of mutation]
  1477 | D:3      | Gained mutation: You are weak. (Str -2) [potion of mutation]
  1477 | D:3      | Gained mutation: You have sharp toenails. [potion of mutation]
  1477 | D:3      | Gained mutation: Your mind is acute. (Int +2) [potion of mutation]
  1486 | D:3      | Slain by a rust devil

Skill      XL: |  1  2 |
---------------+-------+-----
Armour         | 2 |  2.2
Long Blades    | 3 |  3.8
Dodging        | 1 |  1.6
Fighting       | |  3.8
Stealth        | |  0.2

Action                   |  1- 3 |  4- 6 || total
-------------------------+-------+-------++-------
Melee: Falchion          |    70 |    27 ||    97
       Kick              |       |     1 ||     1
Throw: Javelin           |     5 |     4 ||     9
Evoke: Deck              |       |     3 ||     3
  Use: Scroll            |     1 |     4 ||     5
       Potion            |     1 |     4 ||     5
  Eat: Chunk             |     1 |     1 ||     2
Armor: Leather armour    |    21 |    15 ||    36
       Ring mail         |    24 |       ||    24
       Skin              |     2 |       ||     2
Dodge: Dodged            |    52 |    20 ||    72
Block: Buckler           |       |     5 ||     5
       Rpst.: Falchion   |    17 |     7 ||    24
